 Dungeon Crawl Stone Soup version 0.25-a0-632-g7713895373 (webtiles) character file.

Game seed: 6443383900454806422, levelgen mode: deterministic

72 mopl the Cudgeler (level 4, -3/29 HPs)
             Began as a Gargoyle Monk on Mar 19, 2020.
             Killed from afar by an orc wizard (12 damage)
             ... with a puff of flame
             ... on level 2 of the Dungeon.
             The game lasted 00:02:22 (1563 turns).

mopl the Cudgeler (Gargoyle Monk)                   Turns: 1563, Time: 00:02:22

Health: -3/29      AC:  9    Str: 15    XL:     4   Next: 25%
Magic:  4/4        EV: 11    Int: 11    God:
Gold:   56         SH:  0    Dex: 12    Spells: 3/3 levels left

rFire    . . .     SeeInvis .   o - +0 dagger (drain)
rCold    . . .     Gourm    .   (no shield)
rNeg     + . .     Faith    .   p - +0 ring mail
rPois    ∞         Spirit   .   (no helmet)
rElec    +         Reflect  .   (no cloak)
rCorr    .         Harm     .   m - +0 pair of gloves
MR       .....                  (no boots)
Stlth    ..........             (no amulet)
HPRegen  0.09/turn              i - ring of attention (curse)
MPRegen  0.09/turn              (no ring)

@: no status effects
A: negative energy resistance 1, electricity resistance, unbreathing,
petrification resistance, rot immunity, AC +3
a: no special abilities


You were on level 2 of the Dungeon.
You were not hungry.

You visited 1 branch of the dungeon, and saw 3 of its levels.

You collected 56 gold pieces.

Inventory:

Hand Weapons
 a - a +0 mace
 o - a +0 dagger of draining (weapon)
Armour
 m - a +0 pair of gloves (worn)
 p - a +0 ring mail (worn)
Jewellery
 i - a cursed ring of attention (left hand)
Scrolls
 e - 3 scrolls of teleportation
 g - a scroll of blinking {unknown}
 h - 3 scrolls of identify {unknown}
 j - a scroll of remove curse {unknown}
 k - a scroll of enchant weapon {unknown}
Potions
 d - 2 potions of brilliance {unknown}
 f - a potion of haste {unknown}
 l - a potion of curing {unknown}
 n - a potion of invisibility {unknown}
Comestibles
 b - 2 chunks of flesh
 c - 4 rations


   Skills:
 + Level 4.1 Fighting
 * Level 4.4 Maces & Flails
 - Level 2.4 Dodging
 - Level 2.1 Stealth


You had 3 spell levels left.
You didn't know any spells.
Your spell library was empty.

Dungeon Overview and Level Annotations

Branches:
Dungeon (3/15)

Altars:


Innate Abilities, Weirdness & Mutations

You are resistant to torment.
Your stone body is resilient. (AC +3)
You are immune to poison.
You resist negative energy. (rN+)
You are resistant to electric shocks. (rElec)
You can survive without breathing.
You are immune to petrification.
You are immune to rotting.


Message History

You sock the bat!
You kill the bat!
Something completely misses you. Something hits you but does no damage.
You sense an unholy aura.
o - a +0 dagger of draining (weapon)
Something hits you but does no damage.
You see here a +0 whip.
You hit something. Something hits you.
You hit something but do no damage.
You hear some strange, mumbled words.
A puff of flame appears from out of thin air!
The puff of flame hits you.
You barely miss something. Something hits you.
You hit something but do no damage. Something hits you but does no damage.
You closely miss something. Something hits you but does no damage.
You closely miss something.
You hear some strange, mumbled words.
A puff of flame appears from out of thin air!
The puff of flame hits you!
You die...

≈≈≈≈≈≈≈.####
#######....#
#.....#....#######
###.###....##....#
..#.#......##....#
#.#.#......##....#
#..........##....#
##.........##....#
#......######...@#
..#....######..){#
..........##.....#
...............###
...........##.##
.......######.#
.....### #.####
.....# #....##
.....# ##.....##


There were no monsters in sight!

Vanquished Creatures
  2 adders
  2 worms (D:2)
  2 dart slugs (D:1)
  A leopard gecko (D:1)
  An orc (D:2)
  4 bats
  3 giant cockroaches
  7 goblins
  4 hobgoblins (D:1)
  5 jackals
  4 kobolds
  A quokka (D:2)
  A frilled lizard (D:1)
  2 rats (D:1)
39 creatures vanquished.

Notes
Turn   | Place    | Note
-------+----------+-------------------------------------------
     0 | D:1      | mopl the Gargoyle Monk began the quest for the Orb.
     0 | D:1      | Reached XP level 1. HP: 14/14 MP: 1/1
    94 | D:1      | Reached XP level 2. HP: 16/19 MP: 2/2
   337 | D:1      | Reached XP level 3. HP: 20/24 MP: 3/3
   849 | D:2      | Reached skill level 4 in Maces & Flails
   909 | D:2      | Reached skill level 4 in Fighting
   940 | D:1      | Reached XP level 4. HP: 3/29 MP: 4/4
  1563 | D:2      | Killed from afar by an orc wizard

Levels and vault maps discovered:
D:1:      grunt_arrival_crossed_arrows, layout_basic, minivault_4
D:2:      layout_rooms, grunt_decor_cap
D:3:      layout_rooms

Skill      XL: |  1  2  3 |
---------------+----------+-----
Maces & Flails | 4 |  4.4
Fighting       | 4 |  4.1
Dodging        | |  2.4
Stealth        | |  2.1

Action                   |  1- 3 |  4- 6 || total
-------------------------+-------+-------++-------
Melee: Mace              |    94 |    33 ||   127
       Dagger            |       |     6 ||     6
  Use: Scroll            |     1 |       ||     1
 Stab: Sleeping          |     1 |       ||     1
  Eat: Chunk             |       |     2 ||     2
Armor: Robe              |    44 |     8 ||    52
       Ring mail         |       |    19 ||    19
Dodge: Dodged            |    72 |    38 ||   110

Table legend:
 A = Non-vault XP
 B = Vault XP
 C = Vault XP percentage of total XP
 D = Non-vault monster count
 E = Vault monster count
 F = Vault count percentage of total count
                 A         B        C        D         E       F
            +---------+---------+-------+---------+---------+-------
      Total |     103 |       0 |   0.0 |      39 |       0 |   0.0
            +---------+---------+-------+---------+---------+-------
        D:1 |      57 |       0 |   0.0 |      23 |       0 |   0.0
        D:2 |      46 |       0 |   0.0 |      16 |       0 |   0.0
            +---------+---------+-------+---------+---------+-------
